 Dungeon Crawl Stone Soup version 0.31-a0-1074-g0b22e4e0f1 (webtiles) character file.

Game seed: 6824057394235655254

1941 zxpr0jk the Nimble (level 8, -2/55 HPs)
             Began as a Vampire Gladiator on Dec 1, 2023.
             Was a Believer of Cheibriados.
             Slain by an orc warrior
             ... wielding a +0 glaive
              (19 damage)
             ... on level 6 of the Dungeon.
             The game lasted 00:26:48 (5058 turns).

zxpr0jk the Nimble (Vampire Gladiator)              Turns: 5058, Time: 00:26:48

Health: -2/55      AC:  6    Str: 22    XL:     8   Next: 98%
Magic:  8/8        EV: 17    Int: 19    God:    Cheibriados [**....]
Gold:   378        SH:  4    Dex: 22    Spells: 5/7 levels left

rFire   + . .        a - +0 long sword
rCold   + . .        (no shield)
rNeg    . . .        t - +0 ring mail
rPois   .            p - +0 helmet
rElec   .            (no cloak)
rCorr   .            (no gloves)
SInv    +            (no boots)
Will    .....        (no amulet)
Stlth   +            o - ring of protection from cold
HPRegen 0.49/turn    m - ring of protection from fire
MPRegen 0.11/turn

%: no passive effects
@: mighty, healing quickly, very slow
A: alive, fangs 3, see invisible, vampiric 2, hooves 1, large bone plates 1,
clever 1, strong 1
a: Exsanguinate, Renounce Religion, Bend Time


You were on level 6 of the Dungeon.
You worshipped Cheibriados.
Cheibriados was pleased with you.
You visited 2 branches of the dungeon, and saw 7 of its levels.

You collected 378 gold pieces.

Inventory:

Hand Weapons
 a - a +0 long sword (weapon)
 g - a +2 rapier of flaming
 i - a +1 dagger of venom
Missiles
 k - 33 stones (quivered)
 v - a javelin
Armour
 h - a +0 chain mail
 p - a +0 helmet (worn)
 t - a +0 ring mail (worn)
 x - a +0 plate armour
Jewellery
 f - a ring of resist corrosion
 m - a ring of protection from fire (right hand)
 o - a ring of protection from cold (left hand)
Talismans
 u - a maw talisman
Wands
 j - a wand of digging (6)
Scrolls
 c - a scroll of acquirement {unknown}
 d - a scroll of silence {unknown}
 q - 2 scrolls of enchant weapon {unknown}
 s - a scroll of enchant armour {unknown}
 w - a scroll of identify
Potions
 b - a potion of ambrosia
 l - a potion of cancellation
 n - 2 potions of curing {unknown}
 r - a potion of degeneration {unknown}


   Skills:
 - Level 1.7 Fighting
 - Level 6.0 Long Blades
 - Level 1.5 Throwing
 - Level 1.0 Armour
 - Level 9.0 Dodging
 + Level 6.9 Shapeshifting


You had 5 spell levels left.
You knew the following spells:

 Your Spells              Type           Power      Damage    Failure   Level
a - Blink                 Tloc           0%         N/A       45%         2

Your spell library contained the following spells:

 Spells                   Type           Power      Damage    Failure   Level
 Call Canine Familiar     Summ           0%         N/A       69%         3
 Hailstorm                Conj/Ice       0%         3d3       69%         3
 Inner Flame              Hex/Fire       0%         N/A       69%         3
 Sigil of Binding         Hex            0%         N/A       69%         3
 Dimensional Bullseye     Hex/Tloc       0%         N/A       97%         4
 Flame Wave               Conj/Fire      0%         2d4       97%         4
 Leda's Liquefaction      Hex/Erth       0%         N/A       97%         4
 Manifold Assault         Tloc           0%         N/A       97%         4
 Sticky Flame             Conj/Fire      0%         2d3       97%         4
 Summon Ice Beast         Ice/Summ       0%         N/A       97%         4
 Simulacrum               Ice/Necr       0%         N/A       100%        6


Dungeon Overview and Level Annotations

Branches:
Dungeon (6/15)             Temple (1/1) D:4

Altars:
Ashenzari
Cheibriados
Dithmenos
Fedhas
Gozag
Hepliaklqana
Kikubaaqudgha
Makhleb
Nemelex Xobeh
Okawaru
Qazlal
Ru
Sif Muna
Trog
Uskayaw
Vehumet
Wu Jian
Xom
Yredelemnul

Shops:
D:3 (

Annotations:
D:3 1 runed translucent door
D:5 1 runed translucent door, tbh1313's ghost, novice MiBe


Innate Abilities, Weirdness & Mutations

Your natural rate of healing is accelerated.
You have razor-sharp teeth.
You have supernaturally acute eyesight. (SInv)
You are afflicted with vampirism and can become a bat while bloodless.
You have large cloven feet.
You are partially covered in large bone plates. (SH +4)
Your mind is acute. (Int +4, Str/Dex -1)
Your muscles are strong. (Str +4, Int/Dex -1)


Message History

You feel very mighty all of a sudden.
You are too confused!
You are too confused!
Unknown command.
The orc warrior hits you with a +0 glaive!
You feel less confused.
The orc wizard attacks as it pursues you!
The orc wizard hits you with a +0 dagger.
The orc warrior hits you with a +0 glaive!
You closely miss the orc warrior. Your kick misses the orc warrior.
You closely miss the orc warrior. Your kick misses the orc warrior.
The orc wizard misses you.
You hit the orc wizard. You kick the orc wizard!
You kill the orc wizard!
Cheibriados appreciates the change of pace.
The orc wizard casts a spell at you.
You easily resist.
The orc warrior hits you with a +0 glaive!
You hit the orc wizard. Your kick misses the orc wizard.
The orc wizard is lightly wounded.
The orc wizard gestures at you while chanting.
The magic dart hits you. You block the orc warrior's attack.
The orc closely misses you. The orc warrior barely misses you.
The orc wizard closely misses you.
You closely miss the orc wizard.
The orc wizard is lightly wounded.
The orc hits you with a +0 club.
* * * LOW HITPOINT WARNING * * *
The orc wizard closely misses you.
The orc warrior hits you but does no damage.
You slash the orc wizard!
The orc wizard is severely wounded.
You block the orc's attack. The orc wizard closely misses you.
The orc warrior barely misses you.
You closely miss the orc wizard. You kick the orc wizard.
You kill the orc wizard!
Cheibriados appreciates the change of pace.
You block the orc's attack.
The orc warrior hits you with a +0 glaive!!
You die...

.
....>........##.....##..##
. ###...........##.†.###
#...........##..##
..##........#...# #..#
..#####....## ..## #.#
##...# ##....#
##..####.....##
#.......o@....#
........)o.......
......####....... .....#
####....# ..... ..... ....
... #.. .. ##.


You could see an orc warrior and an orc.

Vanquished Creatures
  Sigmund (D:5)
  Eustachio (D:5)
  Menkaure (D:6)
  Edmund (D:6)
  A black bear (D:4)
  The ghost of gr3g the Poker, an amateur DsCK of Xom (D:3)
  3 ogres
  2 centaurs
  A kobold brigand (D:6)
  A scorpion (D:4)
  A wight (D:4)
  5 hounds
  A jelly (D:5)
  A gnoll bouda (D:3)
  2 sleepcaps (D:4)
  An iguana (D:5)
  4 orc wizards
  8 gnolls (D:3)
  A river rat (D:3)
  11 adders
  6 worms
  13 orcs
  8 ball pythons
  6 endoplasms
  6 giant cockroaches
  5 goblins
  7 hobgoblins
  3 jackals (D:2)
  13 kobolds
  5 quokkas
  8 bats
  4 frilled lizards
  6 rats
138 creatures vanquished.

Notes
Turn   | Place    | Note
-------+----------+-------------------------------------------
     0 | D:1      | zxpr0jk the Vampire Gladiator began the quest for the Orb.
     0 | D:1      | Reached XP level 1. HP: 16/16 MP: 1/1
   142 | D:1      | Reached XP level 2. HP: 21/22 MP: 2/2
   375 | D:1      | Found a faded altar of an unknown god.
   383 | D:1      | Reached skill level 4 in Dodging
   815 | D:2      | Gained mutation: You are afflicted with vampirism and can
                  | become a bat while bloodless. [Vampire growth]
   815 | D:2      | Reached XP level 3. HP: 26/27 MP: 3/3
  1325 | D:2      | Reached XP level 4. HP: 27/33 MP: 4/4
  1728 | D:3      | Noticed a centaur
  1741 | D:3      | Killed a centaur
  1742 | D:3      | Reached skill level 5 in Dodging
  1742 | D:3      | Reached XP level 5. HP: 21/38 MP: 5/5
  1759 | D:3      | Found Wahiav's Antique Weapon Emporium.
  1880 | D:3      | Found a runed translucent door.
  1893 | D:3      | Found a snail-covered altar of Cheibriados.
  1898 | D:3      | Found a shimmering blue altar of Sif Muna.
  1898 | D:3      | Found an opulent altar of Gozag.
  1940 | D:3      | Reached skill level 6 in Dodging
  1951 | D:3      | Became a worshipper of Cheibriados the Contemplative
  1979 | D:3      | Found a broken altar of Ashenzari.
  2034 | D:3      | Reached XP level 6. HP: 21/44 MP: 6/6
  2112 | D:3      | Reached * piety under Cheibriados
  2219 | D:3      | Found a runed translucent door.
  2223 | D:3      | Noticed gr3g's ghost (amateur DsCK)
  2438 | D:3      | Found an iron altar of Okawaru.
  2571 | D:3      | Gained mutation: You have large cloven feet. [potion of
                  | mutation]
  2571 | D:3      | Gained mutation: Your muscles are strong. (Str +4, Int/Dex
                  | -1) [potion of mutation]
  2571 | D:3      | Gained mutation: Your mind is acute. (Int +4, Str/Dex -1)
                  | [potion of mutation]
  2571 | D:3      | Gained mutation: You are partially covered in large bone
                  | plates. (SH +4) [potion of mutation]
  2595 | D:3      | Killed gr3g's ghost
  2596 | D:3      | Reached skill level 5 in Long Blades
  2596 | D:3      | Reached skill level 7 in Dodging
  2716 | D:4      | Found a staircase to the Ecumenical Temple.
  2805 | D:4      | Reached XP level 7. HP: 33/49 MP: 7/7
  2831 | D:4      | Learned a level 2 spell: Blink
  2857 | D:4      | Reached ** piety under Cheibriados
  3048 | D:4      | Reached skill level 8 in Dodging
  3348 | D:4      | Found a large runed translucent door.
  3349 | D:4      | Found a large runed translucent door.
  3401 | D:4      | Found a hide-covered altar of Uskayaw.
  3415 | D:4      | Found a blossoming altar of Fedhas.
  3731 | Temple   | Entered the Ecumenical Temple
  3754 | D:5      | Entered Level 5 of the Dungeon
  3781 | D:5      | Reached skill level 1 in Shapeshifting
  3781 | D:5      | Reached XP level 8. HP: 55/55 MP: 8/8
  3818 | D:5      | Reached skill level 1 in Armour
  3818 | D:5      | Reached skill level 9 in Dodging
  3831 | D:5      | Noticed Sigmund
  4028 | D:5      | Noticed Eustachio
  4045 | D:5      | Killed Eustachio
  4150 | D:5      | Found a bloodstained altar of Trog.
  4266 | D:5      | Killed Sigmund
  4270 | D:5      | Noticed tbh1313's ghost (novice MiBe)
  4310 | D:5      | Found a runed translucent door.
  4519 | D:6      | Reached skill level 5 in Shapeshifting
  4523 | D:6      | Noticed Menkaure
  4533 | D:6      | Killed Menkaure
  4603 | D:6      | Noticed Edmund
  4628 | D:6      | Killed Edmund
  5058 | D:6      | Slain by an orc warrior

Illustrated notes

Levels and vault maps discovered:
D:1:      dpeg_arrival_radiant, layout_loops_cross,
          shapermc_ecumenical_altar_notcrosses, chequers_garden, st_stairs_7,
          serial_bayou_pond_d
D:2:      layout_basic
D:3:      layout_loops_cross, chequers_temple_overflow_statue_of_worship,
          ashenzari_altar_1, lemuel_round_altar, ebering_ghost_sewer_f,
          serial_shops, shop, minivault_14
D:4:      layout_cave_pools, jmf_multi_god_temple2, minmay_temple_entry_trees,
          chequers_big_river, minmay_starry_boxes
D:5:      layout_rooms, trog_book, gammafunk_ghost_grave, uniq_eustachio,
          uniq_sigmund
D:6:      layout_layer_cave, uniq_menkaure, uniq_edmund
Temple:   nicolae_temple_great_sept

Skill      XL: |  1  2  3  4  5  6  7  8 |
---------------+-------------------------+-----
Dodging        | 4 5 6 7 8 9 |  9.0
Long Blades    | 4 5 6 |  6.0
Shapeshifting  | 1 6 |  6.9
Armour         | 1 |  1.0
Fighting       | |  1.7
Throwing       | |  1.5

Action                     |  1- 3 |  4- 6 |  7- 9 || total
---------------------------+-------+-------+-------++-------
  Melee: Long sword        |   111 |   156 |   187 ||   454
         Bite              |     4 |    22 |    24 ||    50
         Punch             |     1 |     3 |     3 ||     7
         Kick              |       |    13 |    53 ||    66
  Throw: Throwing net      |     4 |     5 |     1 ||    10
         Stone             |     7 |       |     6 ||    13
         Javelin           |       |       |     2 ||     2
   Cast: Blink             |       |       |     2 ||     2
Ability: Begin Untransform |       |       |     1 ||     1
    Use: Potion            |       |     8 |     3 ||    11
         Scroll            |       |     4 |     7 ||    11
   Stab: Sleeping          |     1 |     2 |     2 ||     5
         Distracted        |       |     2 |       ||     2
         Held in net/web   |       |     1 |       ||     1
         Invisible         |       |     4 |       ||     4
 Armour: Leather armour    |    57 |    89 |    58 ||   204
         Ring mail         |       |       |    30 ||    30
         Skin              |       |       |     2 ||     2
  Dodge: Dodged            |    86 |   151 |   170 ||   407
  Block: Other             |       |     3 |    30 ||    33
   Form: Maw               |       |       |     1 ||     1

Table legend: (Time is in decaauts)
 A = Elapsed time spent in this place.
 B = Non-inter-level travel time spent in this place.
 C = Inter-level travel time spent in this place.
 D = Time resting spent in this place.
 E = Time spent auto-exploring this place.
 F = Levels seen in this place.
 G = Mean time per level.
                   A        B        C        D        E       F      G
               +--------+--------+--------+--------+--------+-----+--------+
         Total |   6185 |   5906 |    279 |    305 |   3977 |   7 |  883.6 |
       Dungeon |   6183 |   5905 |    278 |    305 |   3977 |   6 | 1030.5 |
        Temple |      1 |      0 |      1 |      0 |      0 |   1 |    1.0 |
               +--------+--------+--------+--------+--------+-----+--------+

Top non-repeatable levels by time:
     D:4: 1441 daAuts
     D:3: 1231 daAuts
     D:5: 1009 daAuts
     D:2: 911 daAuts
     D:1: 804 daAuts
     D:6: 784 daAuts
  Temple: 1 daAuts
